AoeStats
← Malelf

Arabia

508255290Analyzed
1v1 RM · 10d ago on Sep 21, 2026· 37m 38s· 2 players
Game mode
Random Map
Map size
Tiny (2 player)
Population
200
Speed
Normal
Resources
Standard
Victory
Conquest
Starting age
Dark Age
Ending age
Imperial Age
RankedLock teamsTeams togetherTeam positionsShared explorationLock speedFull tech treeHidden civsTurbo modeCheats
Victory
Defeat
🇮🇹 Wu · Italy
1697
+13
🇮🇳 Romans · India
1620
-13
Mr. X
5:35 Loom
8:57 Feudal Age
12:04 Fletching
15:10 Padded Archer Armor
17:12 Town Watch
23:58 Castle Age
22:00 Horse Collar
23:42 Gold Mining
24:00 Crossbowman
25:19 Bodkin Arrow
Malelf
8:23 Loom
11:15 Feudal Age
11:55 Double-Bit Axe
11:57 Horse Collar
11:41 Man-at-Arms
12:44 Arson
15:18 Fletching
16:29 Padded Archer Armor
21:29 Castle Age
20:23 Scale Mail Armor
20:34 Forging
20:22 Gold Mining
22:22 Wheelbarrow
22:14 Squires
22:33 Bow Saw
22:24 Heavy Plow
23:41 Chain Mail Armor
25:54 Town Watch
28:04 Iron Casting
28:36 Devotion
30:43 Stone Mining
37:00 Imperial Age
34:16 Pikeman
35:45 Hand Cart
36:07 Gold Shaft Mining
36:15 Bodkin Arrow
37:45 Ballistics
37:15 Guard Tower
37:47 Leather Archer Armor
37:49 Bracer
38:52 Chemistry
Connection lost

Rejoining the realm…

Still unreachable

The connection could not be restored.

Session expired

The server has moved on; the page needs a fresh start.